 Dungeon Crawl Stone Soup version 0.29-a0-40-g8eb35efe60 (webtiles) character file.

Game seed: 6404095714164025653

665 horus123 the Vexing (level 7, -1/41 HPs)
             Began as a Deep Elf Conjurer on Feb 1, 2022.
             Was an Initiate of Makhleb.
             Slain by an orc warrior (6 damage)
             ... on level 5 of the Dungeon.
             The game lasted 00:07:50 (4272 turns).

horus123 the Vexing (Deep Elf Conjurer)             Turns: 4272, Time: 00:07:52

Health: -1/41      AC:  2    Str:  4    XL:     7   Next: 31%
Magic:  5/17       EV: 12    Int: 25    God:    Makhleb [......]
Gold:   265        SH:  0    Dex: 13    Spells: 5/16 levels left

rFire   . . .      SeeInvis .   i - +7 staff of the Meek {protect, meekguard}
rCold   . . .      Faith    .   (shield currently unavailable)
rNeg    . . .      Spirit   .   a - +0 robe
rPois   .          Reflect  .   (no helmet)
rElec   .          Harm     .   (no cloak)
rCorr   .          Rampage  .   (no gloves)
Will    .....                   (no boots)
Stlth   ++........              (no amulet)
HPRegen 0.13/turn               b - ring of wizardry
MPRegen 0.15/turn               (no ring)

@: no status effects
A: no striking features
a: Renounce Religion


You were on level 5 of the Dungeon.
You worshipped Makhleb.
Makhleb was noncommittal.
You visited 1 branch of the dungeon, and saw 5 of its levels.

You collected 265 gold pieces.

Inventory:

Hand Weapons
 e - a +4 mace
 i - the +7 staff of the Meek (weapon) {protect, meekguard}
   (You found it on level 2 of the Dungeon)

   It grants its wielder temporary protection when it strikes (+7 to AC).
   It provides extra protection to wielders with little health.
Armour
 a - a +0 robe (worn)
 d - +0 shadow dragon scales
 o - a scarf of harm
Jewellery
 b - a ring of wizardry (left hand)
Wands
 c - a wand of acid (3)
 n - a wand of polymorph (7)
Scrolls
 k - a scroll of teleportation
 l - a scroll of silence
Potions
 f - 2 potions of curing {unknown}
 g - a potion of might {unknown}
 h - a potion of attraction {unknown}
 m - a potion of flight {unknown}


   Skills:
 - Level 3.0 Fighting
 - Level 2.4 Dodging
 - Level 2.4 Stealth
 + Level 5.3 Spellcasting
 - Level 5.0 Conjurations
 - Level 7.1 Hexes


You had 5 spell levels left.
You knew the following spells:

 Your Spells              Type           Power      Damage    Failure   Level
a - Magic Dart            Conj           100%       1d8       1%          1
b - Searing Ray           Conj           62%        2d6       1%          2
c - Fulminant Prism       Conj/Hex       18%        3d11      2%          4
d - Iskenderun's Mystic   Conj/Tloc      19%        2d6       12%         4

Your spell library contained the following spells:

 Spells                   Type           Power      Damage    Failure   Level
 Slow                     Hex            100%       N/A       1%          1
 Confusing Touch          Hex            42%        N/A       1%          3
 Dazzling Flash           Conj/Hex       74%        N/A       1%          3
 Vampiric Draining        Necr           6%         2d6       10%         3


Dungeon Overview and Level Annotations

Branches:
Dungeon (5/15)
 Temple: D:4-7

Altars:
Cheibriados
Elyvilon
Makhleb
Zin

Shops:
D:4 :


Message History

The orc warrior is moderately wounded.
The orc wizard gestures wildly while chanting.
The orc wizard flickers and vanishes!
Deactivating autopickup; reactivate with Ctrl-A.
The magic dart hits the orc warrior but does no damage.
The orc warrior is moderately wounded.
The orc warrior misses you.
The magic dart hits the orc warrior.
The orc warrior is moderately wounded.
The orc warrior hits you from afar with a +0 halberd!
Casting: Magic Dart (safe; 1% risk of failure)
Confirm with . or Enter, or press ? or * to list all spells.
Aiming: Searing Ray (safe; 1% risk of failure)
Press: ? - help, Shift-Dir - straight line, f/p - orc warrior
Aim: an orc warrior, wielding a +0 halberd and wearing a +0 chain mail (moderately wounded, 77% to hit)
The searing ray hits the orc warrior!
The orc warrior is severely wounded. (Press . to maintain the ray.)
A magic dart appears from out of thin air!
The magic dart hits you! The orc warrior barely misses you.
The searing ray misses the orc warrior.
A magic dart appears from out of thin air!
The magic dart hits you. The orc warrior barely misses you.
The searing ray misses the orc warrior.
The orc warrior hits you from afar with a +0 halberd!
* * * LOW HITPOINT WARNING * * *
The searing ray hits the orc warrior.
The orc warrior is almost dead.
You finish channelling your searing ray.
The orc warrior hits you from afar with a +0 halberd!
* * * LOW HITPOINT WARNING * * *
Casting: Searing Ray (safe; 1% risk of failure)
Confirm with . or Enter, or press ? or * to list all spells.
Aiming: Searing Ray (safe; 1% risk of failure)
Press: ? - help, Shift-Dir - straight line, f/p - orc warrior
Aim: an orc warrior, wielding a +0 halberd and wearing a +0 chain mail (almost dead, 77% to hit)
The searing ray misses the orc warrior. (Press . to maintain the ray.)
The orc warrior hits you from afar with a +0 halberd.
You die...

#..#####.. .....
......#.. ....
.......... >.) .
.<.##.....# #.. ..
+## #.......#.#
..##... ....
..#......##o....
.....
#..(......#..#
......#.##......@.#
.##......##...##.##
..............####
........#.....#
......[.#....##
.....<.....#.#
...........###
..).........#
##..........###


You could see an orc warrior.

Vanquished Creatures
  3 black bears (D:5)
  A water moccasin zombie (D:5)
  A hound (D:2)
  A jelly (D:4)
  A bullfrog skeleton (D:5)
  A centaur skeleton (D:4)
  2 iguanas (D:4)
  An orc wizard (D:4)
  5 adders
  4 worms
  A dart slug (D:1)
  7 orcs
  5 bats
  5 endoplasms
  6 giant cockroaches
  8 goblins
  12 hobgoblins
  2 jackals (D:1)
  4 kobolds
  4 quokkas
  4 ball pythons
  A frilled lizard (D:2)
  6 rats
85 creatures vanquished.

Notes
Turn   | Place    | Note
-------+----------+-------------------------------------------
     0 | D:1      | horus123 the Deep Elf Conjurer began the quest for the Orb.
     0 | D:1      | Reached XP level 1. HP: 10/10 MP: 6/6
   134 | D:1      | Reached XP level 2. HP: 15/15 MP: 2/9
   138 | D:1      | Learned a level 2 spell: Searing Ray
   560 | D:1      | Reached skill level 5 in Conjurations
   733 | D:1      | Reached XP level 3. HP: 19/19 MP: 7/10
  1005 | D:2      | Reached skill level 1 in Fighting
  1005 | D:2      | Reached XP level 4. HP: 26/26 MP: 3/12
  1243 | D:2      | Learned a level 4 spell: Fulminant Prism
  1479 | D:2      | Found the +7 staff of the Meek {protect, meekguard}
  2714 | D:4      | Reached XP level 5. HP: 32/32 MP: 8/13
  2854 | D:4      | Reached skill level 1 in Hexes
  2972 | D:4      | Reached skill level 2 in Hexes
  3121 | D:4      | Reached skill level 3 in Hexes
  3149 | D:4      | Found Jynepa's Book Shop.
  3300 | D:4      | Reached skill level 4 in Hexes
  3342 | D:4      | Reached XP level 6. HP: 37/37 MP: 11/14
  3522 | D:4      | Found a glowing silver altar of Zin.
  3525 | D:4      | Found a snail-covered altar of Cheibriados.
  3538 | D:4      | Found a white marble altar of Elyvilon.
  3541 | D:4      | Found a burning altar of Makhleb.
  3545 | D:4      | Became a worshipper of Makhleb the Destroyer
  3721 | D:5      | Entered Level 5 of the Dungeon
  3728 | D:5      | Reached skill level 5 in Hexes
  3732 | D:5      | Reached skill level 6 in Hexes
  3813 | D:5      | Reached skill level 7 in Hexes
  3813 | D:5      | Reached XP level 7. HP: 24/41 MP: 6/15
  3944 | D:5      | Learned a level 4 spell: Iskenderun's Mystic Blast
  3956 | D:5      | Reached skill level 5 in Spellcasting
  4272 | D:5      | Slain by an orc warrior

Illustrated notes

Levels and vault maps discovered:
D:1:      dpeg_arrival_tiny_d, layout_rooms
D:2:      layout_rooms, grunt_decor_cap
D:3:      wander_river, layout_basic, portal_sewer_entry_d
D:4:      layout_basic, grunt_temple_overflow_cloverleaf, serial_shops, shop
D:5:      nicolae_cairo_tiling_very_big, layout_cave_pools,
          minmay_overflow_temple_star_hex

Skill      XL: |  1  2  3  4  5  6  7 |
---------------+----------------------+-----
Spellcasting   | 4 5 |  5.3
Conjurations   | 5 |  5.0
Fighting       | 1 3 |  3.0
Hexes          | 4 7 |  7.1
Dodging        | |  2.4
Stealth        | |  2.4

Action                   |  1- 3 |  4- 6 |  7- 9 || total
-------------------------+-------+-------+-------++-------
 Cast: Magic Dart        |    61 |   138 |    22 ||   221
       Searing Ray       |     1 |     1 |     2 ||     4
  Use: Scroll            |       |     3 |     2 ||     5
Armor: Robe              |     2 |     2 |       ||     4
Dodge: Dodged            |     9 |     7 |     4 ||    20

Table legend: (Time is in decaauts)
 A = Elapsed time spent in this place.
 B = Non-inter-level travel time spent in this place.
 C = Inter-level travel time spent in this place.
 D = Time resting spent in this place.
 E = Time spent auto-exploring this place.
 F = Levels seen in this place.
 G = Mean time per level.
                   A        B        C        D        E       F      G
               +--------+--------+--------+--------+--------+-----+--------+
         Total |   4298 |   4228 |     70 |    467 |   3219 |   5 |  859.6 |
       Dungeon |   4298 |   4228 |     70 |    467 |   3219 |   5 |  859.6 |
               +--------+--------+--------+--------+--------+-----+--------+

Top non-repeatable levels by time:
     D:3: 1051 daAuts
     D:4: 1011 daAuts
     D:1: 893 daAuts
     D:2: 791 daAuts
     D:5: 550 daAuts
